 Dungeon Crawl Stone Soup version 0.22-a0-587-g7d32d7c (webtiles) character file.

13536 Darkshadow the Cleaver (level 11, -2/101 HPs)
             Began as a Minotaur Berserker on July 4, 2018.
             Was a High Priest of Trog.
             Slain by an unseen horror (6 damage)
             ... on level 11 of the Dungeon.
             The game lasted 00:29:43 (12764 turns).

Darkshadow the Cleaver (Minotaur Berserker)        Turns: 12764, Time: 00:29:43

Health: -2/101     AC: 14    Str: 25    XL:     11   Next: 76%
Magic:  10/10      EV:  6    Int:  4    God:    Trog [*****.]
Gold:   942        SH: 18    Dex: 13    Spells: 10/10 levels left

rFire    . . .     SeeInvis .   a - +1 hand axe (flame)
rCold    + . .     Gourm    .   v - +0 large shield
rNeg     . . .     Faith    .   t - +0 plate armour
rPois    .         Spirit   .   (helmet restricted)
rElec    .         Reflect  .   (no cloak)
rCorr    .         Harm     .   (no gloves)
MR       ++...                  (no boots)
Stlth    ..........             y - amulet of rage
HPRegen  1.26/turn              i - ring of protection from cold
MPRegen  0.12/turn              m - +3 ring of strength

@: berserk cooldown, regenerating, slowed, very slow
A: retaliatory headbutt, horns 2
a: Berserk, Trog's Hand, Brothers in Arms, Renounce Religion, Evoke Berserk Rage


You were on level 11 of the Dungeon.
You worshipped Trog.
Trog was extremely pleased with you.
You were very hungry.

You visited 1 branch of the dungeon, and saw 12 of its levels.

You collected 942 gold pieces.

Inventory:

Hand Weapons
 a - a +1 hand axe of flaming (weapon)
 b - a +3 hand crossbow
 j - a +0 hunting sling of freezing
 O - a +1 hand axe
 T - a cursed +0 war axe
 X - a +1 war axe of electrocution
Missiles
 n - 290 stones (quivered)
 w - 55 sling bullets
 E - 115 bolts
Armour
 t - a +0 plate armour (worn)
 v - a +0 large shield (worn)
 D - a +0 animal skin
 S - +0 steam dragon scales
Jewellery
 i - a ring of protection from cold (left hand)
 m - a +3 ring of strength (right hand)
 x - an uncursed ring of wizardry
 y - an amulet of rage (around neck)
 V - a cursed ring of teleportation {unknown}
 W - an uncursed amulet of the acrobat {unknown}
Wands
 u - a wand of clouds (8)
 I - a wand of enslavement (8)
 J - a wand of disintegration (7)
 P - a wand of acid (12)
 Q - a wand of paralysis (26)
Scrolls
 d - 3 scrolls of blinking
 e - 5 scrolls of remove curse {@r2}
 g - 5 scrolls of enchant weapon
 h - 10 scrolls of identify {@r1}
 k - 3 scrolls of teleportation
 o - a scroll of noise
 s - a scroll of magic mapping
 A - 2 scrolls of fear
 B - 3 scrolls of fog
 C - a scroll of brand weapon {unknown}
 F - a scroll of immolation {unknown}
 L - 2 scrolls of enchant armour {unknown}
 R - 2 scrolls of random uselessness {unknown}
 U - a scroll of silence {unknown}
 Y - 2 scrolls of amnesia {unknown}
 Z - a scroll of vulnerability {unknown}
Potions
 f - 2 potions of might
 l - 3 potions of brilliance
 p - a potion of invisibility {unknown}
 q - 5 potions of agility
 r - 3 potions of lignification
 z - 4 potions of flight
 G - a potion of heal wounds {unknown}
 H - a potion of mutation {unknown}
 K - 4 potions of curing {@q1}
 M - a potion of resistance {unknown}
 N - 2 potions of ambrosia {unknown}
Comestibles
 c - 24 rations


   Skills:
 + Level 10.9 Fighting
 * Level 14.2 Axes
 + Level 10.3 Armour
 - Level 3.9 Dodging
 + Level 9.7 Shields


You had 10 spell levels left.
You didn't know any spells.
Your spell library was empty.

Dungeon Overview and Level Annotations

Branches:
Dungeon (12/15)            Temple (0/1) D:7            Lair (0/6) D:9
    Orc (0/2) D:11

Altars:
Nemelex Xobeh
Qazlal
Sif Muna

Shops:
D:8 =

Annotations:
D:9 exclusions: ice statue and obsidian statue


Innate Abilities, Weirdness & Mutations

You reflexively headbutt those who attack you in melee.
You have a pair of horns on your head.


Message History

You block something's attack. Something hits you but does no damage.
You block something's attack.
You feel your anger nearly subside.
You are no longer berserk.
You are exhausted.
You feel yourself slow down. Something hits you but does no damage.
There is an open door here.
Something completely misses you. You block something's attack.
Your skin crawls.
You feel resistant to hostile enchantments.
You are feeling very hungry.
Something hits you but does no damage. x2
Something hits you but does no damage. x2
Something hits you but does no damage. x2
You block something's attack. Something hits you.
* * * LOW HITPOINT WARNING * * *
Something hits you.
* * * LOW HITPOINT WARNING * * *
Something hits you but does no damage. Something hits you.
You die...

########### ##########
#.....#...#######........#
#.#.###.#.#[..u.'........#
#.#.....#.#.#####...>....#
#.#######.@.# #........#
#.#.......### #......[[##
#.#.#####.# #......[)+)
#.#.#..>#.# #......[)##
#.#.#.###.# #........#
#...#.<...# ####'#####
#####'##### #.# #.# #.#
#.# #.#


There were no monsters in sight!

Vanquished Creatures
  4 two-headed ogres
  2 unseen horrors
  2 ugly things (D:11)
  2 manticores (D:11)
  A hippogriff (D:8)
  A spriggan (D:7)
  Sigmund (D:6)
  2 wyverns
  5 yaks (D:10)
  A hungry ghost (D:11)
  A steam dragon (D:9)
  3 sky beasts
  7 orc warriors
  An eye of draining (D:11)
  4 ice beasts
  4 phantoms
  A black bear (D:9)
  11 centaurs
  4 ogres
  A big kobold (D:11)
  11 bullfrogs
  3 gnoll sergeants
  A water moccasin skeleton (D:9)
  A scorpion (D:12)
  5 killer bees (D:9)
  6 howler monkeys
  5 wights (D:11)
  3 crimson imps
  A bullfrog zombie (D:5)
  A hound (D:6)
  3 bullfrog skeletons
  A jelly (D:6)
  6 orc priests
  19 orc wizards
  2 centaur skeletons
  10 iguanas
  7 worker ants
  A howler monkey zombie (D:6)
  18 gnolls
  11 adders
  A howler monkey skeleton (D:5)
  A shadow imp (D:9)
  An adder skeleton (D:5)
  3 worms
  A dart slug (D:1)
  3 leopard geckos
  57 orcs
  2 ball pythons
  4 giant cockroaches
  6 goblins
  6 hobgoblins
  13 jackals
  3 quokkas
  7 bats
  2 frilled lizards (D:1)
  11 kobolds
  2 leopard gecko skeletons
  6 rats
302 creatures vanquished.

Notes
Turn   | Place    | Note
-------+----------+-------------------------------------------
     0 | D:1      | Darkshadow the Minotaur Berserker began the quest for the Orb.
     0 | D:1      | Reached XP level 1. HP: 19/19 MP: 0/0
   380 | D:1      | Reached XP level 2. HP: 25/27 MP: 1/1
  1074 | D:2      | Reached skill level 4 in Axes
  1081 | D:2      | Reached ** piety under Trog
  1081 | D:2      | Reached XP level 3. HP: 32/33 MP: 2/2
  2030 | D:3      | Reached XP level 4. HP: 33/41 MP: 3/3
  2237 | D:3      | Found a sparkling altar of Nemelex Xobeh.
  3100 | D:4      | Noticed a phantom
  3132 | D:4      | Killed a phantom
  3132 | D:4      | Reached skill level 5 in Axes
  3132 | D:4      | Reached XP level 5. HP: 40/47 MP: 4/4
  3172 | D:4      | Reached skill level 5 in Fighting
  3515 | D:4      | Reached XP level 6. HP: 55/56 MP: 5/5
  3714 | D:4      | Reached skill level 6 in Axes
  3714 | D:4      | Reached skill level 1 in Shields
  3773 | D:4      | Reached *** piety under Trog
  3952 | D:5      | Entered Level 5 of the Dungeon
  3968 | D:5      | Reached XP level 7. HP: 47/62 MP: 6/6
  4356 | D:5      | Reached skill level 7 in Axes
  5382 | D:6      | Noticed Sigmund
  5391 | D:6      | Killed Sigmund
  5391 | D:6      | Reached skill level 8 in Axes
  5391 | D:6      | Reached skill level 5 in Armour
  5391 | D:6      | Reached XP level 8. HP: 69/71 MP: 7/7
  5771 | D:6      | Found a deep blue altar of Sif Muna.
  6234 | D:7      | Found a staircase to the Ecumenical Temple.
  6277 | D:7      | Reached skill level 9 in Axes
  6669 | D:7      | Reached skill level 5 in Shields
  6819 | D:7      | Reached XP level 9. HP: 33/79 MP: 8/8
  7289 | D:8      | Reached skill level 10 in Axes
  7327 | D:8      | Found Omephe's Jewellery Boutique.
  7366 | D:8      | Reached **** piety under Trog
  7827 | D:8      | Reached skill level 11 in Axes
  8446 | D:9      | Noticed a two-headed ogre
  8459 | D:9      | Reached XP level 10. HP: 90/90 MP: 9/9
  8464 | D:9      | Killed a two-headed ogre
  8722 | D:9      | Found a staircase to the Lair.
  8883 | D:9      | Noticed a two-headed ogre
  8893 | D:9      | Killed a two-headed ogre
  8893 | D:9      | Reached skill level 12 in Axes
  9198 | D:9      | Noticed an ice statue
  9274 | D:9      | Reached ***** piety under Trog
  9468 | D:9      | Noticed an obsidian statue
  9678 | D:10     | Entered Level 10 of the Dungeon
 10478 | D:10     | Killed an unseen horror
 10681 | D:10     | Reached XP level 11. HP: 99/99 MP: 10/10
 10724 | D:10     | Reached skill level 10 in Fighting
 11013 | D:10     | Reached skill level 13 in Axes
 11122 | D:11     | Noticed a red ugly thing
 11134 | D:11     | Killed a red ugly thing
 11333 | D:11     | Found a stormy altar of Qazlal.
 11534 | D:11     | Noticed a white ugly thing
 11543 | D:11     | Killed a white ugly thing
 11662 | D:11     | Killed an unseen horror
 12094 | D:11     | Found a staircase to the Orcish Mines.
 12185 | D:11     | Reached skill level 10 in Armour
 12322 | D:12     | Noticed a two-headed ogre
 12334 | D:12     | Killed a two-headed ogre
 12334 | D:12     | Reached skill level 14 in Axes
 12376 | D:12     | Noticed a two-headed ogre
 12384 | D:12     | Killed a two-headed ogre
 12723 | D:12     | Noticed a brown ugly thing
 12752 | D:11     | HP: 6/151 [acid (8)]
 12754 | D:11     | HP: 2/151 [something (1)]
 12762 | D:11     | HP: 5/101 [something (5)]
 12763 | D:11     | HP: 2/101 [something (5)]
 12764 | D:11     | Slain by an unseen horror

Vault maps used:
D:1:      sevenhm_arrival_forest_fort_large_4, corexii_hall_statues_t
D:3:      lemuel_doored_altar, first_ration
D:4:      lightli_minifort
D:5:      kennysheep_windowed_goal
D:6:      led_sif_book, uniq_sigmund
D:7:      minmay_temple_entry_butterflies, the_bakery
D:8:      serial_shops, shop
D:9:      minmay_separated_statues
D:11:     david_orc_4, nicolae_qazlal_style_of_elements

Skill      XL: |  1  2  3  4  5  6  7  8  9 10 11 |
---------------+----------------------------------+-----
Fighting       | 4 5 6 7 8 9 10 | 10.9
Axes           | 4 5 6 8 9 11 12 14 | 14.2
Armour         | 3 4 5 6 7 9 10 | 10.3
Dodging        | 3 |  3.9
Shields        | 2 3 5 6 8 9 |  9.7

Action                   |  1- 3 |  4- 6 |  7- 9 | 10-12 || total
-------------------------+-------+-------+-------+-------++-------
Melee: Hand axe          |    93 |   109 |   423 |   415 ||  1040
       Headbutt          |    14 |    22 |    95 |   104 ||   235
 Fire: Hand crossbow     |       |       |    48 |       ||    48
Throw: Stone             |       |       |     2 |       ||     2
Invok: Berserk           |     1 |     2 |     7 |     6 ||    16
       Trog's Hand       |       |       |     1 |     2 ||     3
  Use: Scroll            |       |       |    14 |       ||    14
  Eat: Chunk             |     4 |     5 |    14 |    16 ||    39
       Ration            |       |     1 |     2 |     2 ||     5
Armor: Animal skin       |    20 |       |       |       ||    20
       Plate armour      |       |    59 |   137 |   223 ||   419
Dodge: Dodged            |    72 |    35 |    60 |    52 ||   219
Block: Large shield      |       |       |   241 |   340 ||   581

Table legend:
 A = Spawn XP
 B = Non-spawn XP
 C = Spawn XP percentage of total XP
 D = Spawn monster count
 E = Non-spawn monster count
 F = Spawn count percentage of total count
 G = Total turns spent on level
                    A         B        C        D         E        F      G
               +---------+---------+-------+---------+---------+-------+---------
         Total |       0 |   19338 |   0.0 |       0 |     302 |   0.0 | 12764
               +---------+---------+-------+---------+---------+-------+---------
           D:1 |       0 |      33 |   0.0 |       0 |      21 |   0.0 |  1062
           D:2 |       0 |      49 |   0.0 |       0 |      18 |   0.0 |   968
           D:3 |       0 |      63 |   0.0 |       0 |      12 |   0.0 |  1070
           D:4 |       0 |     568 |   0.0 |       0 |      23 |   0.0 |   948
           D:5 |       0 |     479 |   0.0 |       0 |      22 |   0.0 |  1269
           D:6 |       0 |     701 |   0.0 |       0 |      16 |   0.0 |   933
           D:7 |       0 |     965 |   0.0 |       0 |      16 |   0.0 |  1023
           D:8 |       0 |    2435 |   0.0 |       0 |      43 |   0.0 |  1081
           D:9 |       0 |    3563 |   0.0 |       0 |      35 |   0.0 |  1932
          D:10 |       0 |    2548 |   0.0 |       0 |      27 |   0.0 |   851
          D:11 |       0 |    5454 |   0.0 |       0 |      60 |   0.0 |  1329
          D:12 |       0 |    2480 |   0.0 |       0 |       9 |   0.0 |   298
               +---------+---------+-------+---------+---------+-------+---------
